 Dungeon Crawl Stone Soup version 0.20-a0-3-g334f831 (console) character file.

165 brucemayne the Chopper (level 5, -1/41 HPs)
             Began as a Demonspawn Berserker on Oct 30, 2016.
             Was a Follower of Trog.
             Slain by an orc
             ... wielding a +2 short sword of speed
              (5 damage)
             ... on level 4 of the Dungeon.
             The game lasted 00:01:49 (455 turns).

brucemayne the Chopper (Demonspawn Berserker)        Turns: 455, Time: 00:01:49

Health: -1/41      AC:  5    Str: 18    XL:     5   Next: 22%
Magic:  5/5        EV: 11    Int:  9    God:    Trog [*.....]
Gold:   82         SH:  0    Dex: 12    Spells: 0 memorised, 4 levels left

rFire  + . .     SeeInvis .     a - +0 hand axe
rCold  + + .     Gourm    .     f - +0 ring mail {rC+}
rNeg   . . .     Faith    .     (no shield)
rPois  +         Spirit   .     (no helmet)
rElec  +         Reflect  .     (no cloak)
rCorr  +         Harm     .     (no gloves)
MR     .....                    (no boots)
Stlth  ++........               (no amulet)
                                (no ring)
                                (no ring)

@: resistant, flying
A: nightstalker 1
a: Berserk, Burn Spellbooks, Renounce Religion


You were on level 4 of the Dungeon.
You worshipped Trog.
Trog was aware of your devotion.
You were not hungry.

You visited 1 branch of the dungeon, and saw 4 of its levels.

You collected 82 gold pieces.

Inventory:

Hand Weapons
 a - a +0 hand axe (weapon)
Armour
 b - a +0 animal skin
 f - a +0 ring mail of cold resistance (worn)
Scrolls
 g - 2 scrolls of identify {unknown}
 h - a scroll of enchant armour {unknown}
 i - a scroll of fear {unknown}
 j - a scroll of remove curse {unknown}
 k - a scroll of magic mapping {unknown}
Potions
 d - a potion of flight
 e - a potion of resistance
 l - a potion of degeneration {unknown}
Comestibles
 c - a bread ration


   Skills:
 - Level 3.0 Fighting
 + Level 5.4 Axes
 - Level 1.7 Armour
 - Level 1.7 Dodging


You had 4 spell levels left.
You didn't know any spells.

Dungeon Overview and Level Annotations

Branches:
Dungeon (4/15)
 Temple: D:4-7

Altars:


Innate Abilities, Weirdness & Mutations

You are slightly more attuned to the shadows.


Message History

You barely miss the orc.
The orc hits you with a short sword of speed.
An orc comes into view.
You barely miss the orc.
The orc hits you with a short sword of speed.
* * * LOW HITPOINT WARNING * * *
An orc comes into view.
It was a potion of flight.
You feel very buoyant.
You fly up into the air.
The orc shouts!
The orc hits you with a short sword of speed.
* * * LOW HITPOINT WARNING * * *
It was a potion of resistance.
You feel protected. The orc hits you but does no damage.
The orc hits you with a short sword of speed.
* * * LOW HITPOINT WARNING * * *
The orc hits you with a short sword of speed.
You die...

### ...
#.. ..
#.. .o
#.. .#
##.##o#
#..@#.#
#.#.#oo#
#....#
#...##
#...##
##.. #..
#..


You could see 2 orcs.

Vanquished Creatures
  An ogre (D:4)
  A centaur skeleton (D:4)
  Terence (D:2)
  An adder (D:3)
  2 dart slugs
  2 giant cockroaches
  5 goblins
  A kobold (D:1)
  A bat (D:1)
  2 frilled lizards
17 creatures vanquished.

Notes
Turn   | Place    | Note
-------+----------+-------------------------------------------
     0 | D:1      | brucemayne the Demonspawn Berserker began the quest for the Orb.
     0 | D:1      | Reached XP level 1. HP: 18/18 MP: 1/1
    57 | D:1      | Reached skill level 3 in Axes
    61 | D:1      | Gained mutation: You are slightly more attuned to the shadows. [demonic ancestry]
    61 | D:1      | Reached XP level 2. HP: 24/24 MP: 2/2
   116 | D:2      | Noticed Terence
   121 | D:2      | Killed Terence
   121 | D:2      | Reached XP level 3. HP: 26/29 MP: 3/3
   123 | D:2      | Reached skill level 4 in Axes
   251 | D:4      | Noticed an ogre
   260 | D:4      | Reached XP level 4. HP: 15/35 MP: 4/4
   261 | D:4      | Killed an ogre
   261 | D:4      | Reached skill level 5 in Axes
   261 | D:4      | Reached XP level 5. HP: 18/41 MP: 5/5
   266 | D:4      | Noticed a phantom
   455 | D:4      | Slain by an orc

Vault maps used:
D:1:      minmay_arrival_arboretum_large, roderic_whirl
D:2:      minmay_tetromino_t2, uniq_terence
D:4:      first_bread, serial_shops, nicolae_shop_trees,
          hangedman_decor_growths, nicolae_gozag_zags_fifth_avenue

Skill      XL: |  1  2  3  4 |
---------------+-------------+-----
Axes           | 3 4 5 |  5.4
Fighting       | |  3.0
Armour         | |  1.7
Dodging        | |  1.7

Action                   |  1- 3 |  4- 6 || total
-------------------------+-------+-------++-------
Melee: Hand axe          |    34 |    16 ||    50
Invok: Berserk           |     3 |       ||     3
  Use: Potion            |       |     2 ||     2
  Eat: Bread ration      |       |     1 ||     1
Armor: Animal skin       |     3 |       ||     3
       Ring mail         |     7 |    11 ||    18
Dodge: Dodged            |    30 |     4 ||    34
